 Dungeon Crawl Stone Soup version 0.28-a0-823-gb444dcf96d (webtiles) character file.

Game seed: 11517536147655489279

9473 adelrune the Thaumaturge (level 11, -2/82 HPs)
             Began as a Djinni Ice Elementalist on Nov 10, 2021.
             Was a High Priest of Wu Jian.
             Slain by a skeletal warrior (25 damage)
             ... led by a skeletal warrior
             ... on level 9 of the Dungeon.
             The game lasted 01:14:15 (16873 turns).

adelrune the Thaumaturge (Djinni Ice Elementalist) Turns: 16873, Time: 01:14:15

Health: -2/82      AC: 10    Str:  8    XL:     11   Next: 75%
Gold:   481        EV: 13    Int: 25    God:    Wu Jian [*****.] SH:  5 Dex: 14

rFire   + + +      SeeInvis .   P - +7 dagger of Ceutoy {venom, +Blink rPois Int+6}
rCold   . . .      Faith    .   k - +0 buckler
rNeg    . . .      Spirit   .   S - +0 acid dragon scales
rPois   ∞          Reflect  .   J - +0 hat
rElec   .          Harm     .   C - scarf {rC+ rF+}
rCorr   +          Rampage  .   j - +1 pair of gloves
Will    +....                   (boots unavailable)
Stlth   +.........              (no amulet)
HPRegen 0.23/turn               (no ring)
MPRegen 0.00/turn               (no ring)

@: freezing walls, flying
A: sickness immunity, fire resistance 2, cold vulnerability 1, float, innate
caster, hp casting, extra vitality 1
a: Renounce Religion, Evoke Blink, Wall Jump, Serpent's Lash, Heavenly Storm


You were on level 9 of the Dungeon.
You worshipped Wu Jian.
Wu Jian was extremely pleased with you.
You visited 1 branch of the dungeon, and saw 10 of its levels.

You collected 481 gold pieces.

Inventory:

Hand Weapons
 e - a +0 short sword of speed
 z - a +0 shortbow
 B - a +0 antimagic long sword
 L - a +2 falchion
 P - the +7 dagger of Ceutoy (weapon) {venom, +Blink rPois Int+6}
   (You found it on level 7 of the Dungeon)

   It poisons the flesh of those it strikes.
   Int:       It affects your intelligence (+6).
   rPois:     It protects you from poison.
   +Blink:    It lets you blink.
Missiles
 A - 175 arrows
 U - a throwing net
Armour
 a - a +0 robe
 j - a +1 pair of gloves (worn)
 k - a +0 buckler (worn)
 p - a +0 leather armour
 r - the +1 leather armour "Zemm" {rF+}
   (You found it on level 4 of the Dungeon)

   rF:        It protects you from fire.
 t - the +2 leather armour of the Apothecary {Int+4}
   (You took it off a hobgoblin on level 4 of the Dungeon)

   Int:       It affects your intelligence (+4).
 C - a scarf of resistance (worn)
 J - a +0 hat (worn)
 N - a +0 crystal plate armour
 S - +0 acid dragon scales (worn)
Magical Staves
 M - a staff of fire
Jewellery
 E - a ring of protection from cold
 W - an amulet of the acrobat
Wands
 f - a wand of paralysis (9)
 u - a wand of acid (9)
 R - a wand of flame (35)
 V - a wand of digging (5)
 X - a wand of iceblast (3)
Scrolls
 b - a scroll of enchant armour {unknown}
 c - 2 scrolls of fear {unknown}
 h - 3 scrolls of fog {unknown}
 i - 2 scrolls of blinking {unknown}
 m - 2 scrolls of magic mapping {unknown}
 w - 2 scrolls of vulnerability {unknown}
 x - 6 scrolls of teleportation
 y - 2 scrolls of torment {unknown}
 D - a scroll of holy word {unknown}
 F - a scroll of amnesia {unknown}
 G - a scroll of noise {unknown}
 O - a scroll of immolation {unknown}
 T - a scroll of enchant weapon {unknown}
 Y - a scroll of identify
Potions
 d - 2 potions of curing
 g - 2 potions of flight
 l - 3 potions of cancellation {unknown}
 n - a potion of lignification {unknown}
 o - 3 potions of haste
 q - 3 potions of mutation
 s - a potion of attraction {unknown}
 v - 2 potions of ambrosia
 H - 2 potions of might
 I - a potion of berserk rage {unknown}
 K - 2 potions of degeneration {unknown}
Miscellaneous
 Q - a lightning rod (4/4)


   Skills:
 + Level 8.4 Fighting
 - Level 7.4 Armour
 * Level 5.1 Dodging
 - Level 1.5 Stealth
 - Level 4.0 Shields
 * Level 10.1 Spellcasting


You had 6 spell levels left.
You knew the following spells:

 Your Spells              Type           Power      Damage    Failure   Level
a - Freeze                Ice            100%       1d11      1%          1
b - Frozen Ramparts       Ice            100%       1d12      1%          3
c - Ozocubu's Armour      Ice            59%        N/A       1%          3
d - Hailstorm             Conj/Ice       59%        3d13      1%          4
e - Slow                  Hex            100%       N/A       1%          1
f - Scorch                Fire           100%       2d10      1%          2
g - Tukima's Dance        Hex            59%        N/A       1%          3
h - Call Canine Familiar  Summ           59%        N/A       1%          3
i - Airstrike             Air            29%        N/A       1%          4
Your spell library was empty.

Dungeon Overview and Level Annotations

Branches:
Dungeon (10/15)            Temple (0/1) D:4
   Lair: D:8-11         Orc: D:9-12

Altars:
Ashenzari
Cheibriados
Kikubaaqudgha
Nemelex Xobeh
Okawaru
Ru
Sif Muna
Vehumet
Wu Jian
Zin

Shops:
D:5 (   D:8 (


Innate Abilities, Weirdness & Mutations

You are immune to sickness and miasma.
You are immune to poison.
Your flesh is very heat resistant. (rF++)
You are vulnerable to cold. (rC-)
You float through the air rather than walking.
You learn spells naturally, not from books.
Your magical power is your life essence.
You have superior vitality. (+4 HP)


Message History

Your wolf bites the skeletal warrior but does no damage.
The skeletal warrior hits you with a +0 dire flail.
* * * LOW HITPOINT WARNING * * *
Your wolf closely misses the skeletal warrior.
Casting: Scorch (safe; 1% risk of failure)
Confirm with . or Enter, or press ? or * to list all spells.
Okay, then.
Casting: Scorch (safe; 1% risk of failure)
Confirm with . or Enter, or press ? or * to list all spells.
Aiming: Slow (safe; 1% risk of failure)
Press: ? - help, Shift-Dir - straight line, f/p - skeletal warrior
Aim: a skeletal warrior, wielding a +0 dire flail (moderately damaged, more vulnerable to fire, ally target, chance to affect: 7%)
Okay, then.
Casting: Slow (safe; 1% risk of failure)
Confirm with . or Enter, or press ? or * to list all spells.
Okay, then.
Your icy armour will break if you move.
Continue?
Uppercase [Y]es or [N]o only, please.
Your icy armour will break if you move.
Continue?
Your icy armour cracks and falls away as you move.
Your wolf bites the skeletal warrior but does no damage.
Your wolf bites the skeletal warrior.
The skeletal warrior is no longer more vulnerable to fire.
Your wolf closely misses the skeletal warrior. x2
Your wolf bites the skeletal warrior.
Your wolf barely misses the skeletal warrior.
You see here a ring of poison resistance.
Your wolf bites the skeletal warrior!
Your wolf bites the skeletal warrior.
Casting: Slow (safe; 1% risk of failure)
Confirm with . or Enter, or press ? or * to list all spells.
Casting: Frozen Ramparts (safe; 1% risk of failure)
Press: ? - help, Dir - look around, f - activate The walls around you are covered in ice.
* * * LOW HITPOINT WARNING * * *
Your wolf bites the skeletal warrior but does no damage.
The skeletal warrior completely resists.
The wall freezes the skeletal warrior but does no damage.
The skeletal warrior hits you with a +0 dire flail!!
You die...

#.####................# #.
#.##..........#######.###. ######
#.##..........# #....#[
.....###.##.....###### #......
...............#############.#.##
##.......####..# #....(......#.#
#.#.##### #..# #.###....####.#
#.#.########..###.#......# #.#
#.#.........=hz@#.#.#....# #.#
#.#######.#####.#.#.###'## #.#
##.##.....##...##......#.#####.##
..........#.....[)####...........
.#+#....<)#...))###).##........##
.........[#.....##))..#..########
.....#....##...'#÷)).[#..### #
...........#####.##..##....# #
...............#'###'#...#.######


You could see a skeletal warrior (ally target) and a friendly wolf (summoned).

Vanquished Creatures
  An ugly thing (D:9)
  Joseph (D:9)
  A troll (D:9)
  A hornet (D:9)
  Prince Ribbit (D:9)
  Sigmund (D:3)
  A wyvern (D:9)
  2 dancing weapons (D:7)
  5 yaks (D:9)
  A vampire (D:8)
  Grum (D:9)
  An acid dragon (D:9)
  4 water moccasins
  8 orc warriors
  2 black bears (D:5)
  2 ogres
  A wolf (D:9)
  5 centaurs
  3 phantoms
  2 kobold brigands
  A gnoll sergeant (D:9)
  2 scorpions (D:6)
  Dowan (D:7)
  2 wights (D:8)
  10 killer bees
  A vampire bat (D:3)
  2 howler monkeys
  6 centaur zombies
  A jelly (D:3)
  9 orc priests
  A bullfrog skeleton (D:2)
  3 hounds
  A centaur skeleton (D:6)
  6 iguanas
  12 orc wizards
  A killer bee zombie (D:5)
  2 hound skeletons (D:5)
  A howler monkey zombie (D:9)
  6 gnolls
  3 adders
  2 white imps (D:6)
  An adder zombie (D:4)
  3 worms
  2 dart slugs (D:2)
  34 orcs
  8 endoplasms
  4 giant cockroaches
  8 goblins
  9 hobgoblins
  3 quokkas
  3 ball pythons
  17 bats
  4 frilled lizards (D:1)
  10 kobolds
  6 rats
229 creatures vanquished.

Vanquished Creatures (collateral kills)
  A two-headed ogre (D:8)
  Maggie (D:8)
  A wyvern (D:9)
  Duvessa (D:7)
  2 ogres
  A wolf (D:9)
  A centaur (D:8)
  A gnoll sergeant (D:10)
  3 wights
  A howler monkey (D:7)
  A hound (D:7)
  An orc priest (D:6)
  A bullfrog skeleton (D:5)
  4 orc wizards
  A gnoll (D:9)
  12 orcs
  A kobold (D:7)
34 creatures vanquished.

Vanquished Creatures (others)
  5 dancing weapons
  2 plants (D:2)
7 creatures vanquished.

Grand Total: 270 creatures vanquished

Notes
Turn   | Place    | Note
-------+----------+-------------------------------------------
     0 | D:1      | adelrune the Djinni Ice Elementalist began the quest for
                  | the Orb.
     0 | D:1      | Reached XP level 1. HP: 15/15 MP: 0/0
   267 | D:1      | Reached XP level 2. HP: 13/21 MP: 0/0
  1122 | D:1      | Reached XP level 3. HP: 25/25 MP: 0/0
  1122 | D:1      | Learned a level 1 spell: Slow
  1934 | D:2      | Reached skill level 4 in Spellcasting
  2090 | D:2      | Found a faded altar of an unknown god.
  2094 | D:2      | Prayed at the altar of an unknown god.
  2094 | D:2      | Became a worshipper of the Wu Jian Council
  2094 | D:2      | Reached * piety under Wu Jian
  2130 | D:2      | Reached skill level 1 in Fighting
  2436 | D:2      | Reached XP level 4. HP: 27/32 MP: 0/0
  2851 | D:2      | Reached skill level 1 in Shields
  3047 | D:3      | Reached XP level 5. HP: 31/37 MP: 0/0
  3047 | D:3      | Learned a level 2 spell: Scorch
  3252 | D:3      | Noticed Sigmund
  3290 | D:3      | Killed Sigmund
  3291 | D:3      | Reached XP level 6. HP: 23/43 MP: 0/0
  3714 | D:3      | Found a broken altar of Ashenzari.
  3952 | D:3      | Reached ** piety under Wu Jian
  4171 | D:3      | Reached XP level 7. HP: 46/49 MP: 0/0
  4171 | D:3      | Learned a level 3 spell: Tukima's Dance
  4194 | D:3      | Reached skill level 1 in Armour
  4405 | D:4      | Reached skill level 5 in Spellcasting
  4719 | D:4      | Identified the +1 leather armour "Zemm" {rF+}
  4780 | D:4      | Found a staircase to the Ecumenical Temple.
  4795 | D:4      | Identified the +2 leather armour of the Apothecary {Int+4}
  5230 | D:4      | Reached XP level 8. HP: 45/56 MP: 0/0
  5290 | D:4      | Found an iron altar of Okawaru.
  5622 | D:4      | Found a glowing silver altar of Zin.
  5623 | D:4      | Noticed an angel
  5792 | D:5      | Entered Level 5 of the Dungeon
  5852 | D:5      | Found Fuunuura's Weapon Shop.
  6089 | D:5      | Reached skill level 6 in Spellcasting
  7048 | D:5      | Reached XP level 9. HP: 46/63 MP: 0/0
  7048 | D:5      | Learned a level 3 spell: Call Canine Familiar
  8404 | D:6      | Reached *** piety under Wu Jian
  8612 | D:6      | Reached skill level 5 in Fighting
  8675 | D:6      | Reached skill level 7 in Spellcasting
  9170 | D:6      | Found a snail-covered altar of Cheibriados.
  9827 | D:7      | Noticed Duvessa
  9827 | D:7      | Noticed Dowan
  9828 | D:7      | Killed Dowan
  9833 | D:7      | HP: 3/65 [Duvessa (19)]
  9833 | D:7      | Killed Duvessa
  9834 | D:7      | Reached skill level 5 in Armour
 10611 | D:7      | Found a sparkling altar of Nemelex Xobeh.
 10862 | D:7      | Reached XP level 10. HP: 66/72 MP: 0/0
 11431 | D:7      | Identified the +7 dagger of Ceutoy {venom, +Blink rPois
                  | Int+6}
 11534 | D:8      | Reached **** piety under Wu Jian
 11720 | D:8      | Found Idimuon's Antique Weapon Shop.
 11737 | D:8      | Reached skill level 8 in Spellcasting
 12616 | D:8      | Noticed Maggie
 12622 | D:8      | Killed Maggie
 12760 | D:8      | Found a sacrificial altar of Ru.
 13239 | D:9      | Noticed Joseph
 13240 | D:9      | Identified the +6 quarterstaff of Linearity {antimagic,
                  | SInv}
 13300 | D:9      | Noticed a two-headed ogre
 13761 | D:8      | Killed a two-headed ogre
 13993 | D:9      | Killed Joseph
 13994 | D:9      | Reached skill level 9 in Spellcasting
 14294 | D:9      | Reached XP level 11. HP: 64/79 MP: 0/0
 14294 | D:9      | Learned a level 4 spell: Airstrike
 14846 | D:9      | Noticed Prince Ribbit
 14850 | D:9      | Killed Prince Ribbit
 14909 | D:9      | Noticed Grum
 14915 | D:9      | Killed Grum
 15489 | D:9      | Noticed a red ugly thing
 15494 | D:9      | Killed a red ugly thing
 15867 | D:9      | Reached skill level 10 in Spellcasting
 16161 | D:10     | Entered Level 10 of the Dungeon
 16189 | D:10     | Reached skill level 5 in Dodging
 16356 | D:10     | Reached ***** piety under Wu Jian
 16405 | D:10     | Noticed a skeletal warrior
 16406 | D:10     | Noticed a skeletal warrior
 16408 | D:10     | Noticed a skeletal warrior
 16408 | D:10     | Noticed a skeletal warrior
 16528 | D:9      | HP: 4/82 [skeletal warrior[a skeletal warrior] (21)]
 16873 | D:9      | Slain by a skeletal warrior

Illustrated notes

Levels and vault maps discovered:
D:1:      dpeg_arrival_circle_labyrinth_c, layout_basic, serial_rivers,
          chequers_serial_rivers_micro_d, chequers_serial_rivers_micro_b,
          chequers_serial_rivers_micro_a, chequers_serial_rivers_micro_d
D:2:      layout_basic, shapermc_ecumenical_altar_mp_urbaneastern
D:3:      layout_loops_cross, old_standard_altar, serial_bayou_pond_c,
          roderic_batcave, uniq_sigmund
D:4:      layout_rooms, zin_angel, general_overflow_altar, temple_statues,
          minivault_27
D:5:      layout_basic, serial_shops, nicolae_stop_n_shop_2
D:6:      layout_basic, marbit_many_paths, minivault_23, grunt_decor_clamped
D:7:      layout_gridville, grunt_temple_overflow_open, minmay_checkerbox,
          uniq_duvessa
D:8:      layout_loops_ring, mainiacjoe_overflow_divided_tiny, serial_shops,
          nicolae_shop_behind_doors, uniq_maggie
D:9:      layout_basic, minmay_joined_circles, uniq_grum, uniq_prince_ribbit1,
          uniq_joseph
D:10:     layout_gridville, kennysheep_ying_yang,
          mainiacjoe_overflow_catch_the_wave, kennysheep_generic_room_11

Skill      XL: |  1  2  3  4  5  6  7  8  9 10 11 |
---------------+----------------------------------+-----
Spellcasting   | 4 5 6 7 9 10 | 10.1
Fighting       | 1 2 3 4 5 7 8 |  8.4
Shields        | 1 4 |  4.0
Armour         | 2 3 5 7 |  7.4
Dodging        | 5 |  5.1
Stealth        | |  1.5

Action                   |  1- 3 |  4- 6 |  7- 9 | 10-12 || total
-------------------------+-------+-------+-------+-------++-------
Melee: Short sword       |    46 |    92 |    54 |       ||   192
       Long sword        |       |       |    14 |       ||    14
       Falchion          |       |       |     2 |       ||     2
       Dagger            |       |       |       |    80 ||    80
 Cast: Freeze            |    44 |     7 |     3 |     3 ||    57
       Frozen Ramparts   |     4 |     8 |    20 |    24 ||    56
       Slow              |     3 |     1 |    13 |     8 ||    25
       Scorch            |       |     6 |    84 |    54 ||   144
       Ozocubu's Armour  |       |     2 |    10 |    12 ||    24
       Tukima's Dance    |       |       |    37 |    41 ||    78
       Hailstorm         |       |       |    10 |    16 ||    26
       Call Canine Famil |       |       |     8 |    12 ||    20
       Airstrike         |       |       |       |    12 ||    12
Invok: Lunge             |     4 |     6 |     4 |     3 ||    17
       Whirlwind         |       |     5 |     3 |     3 ||    11
 Abil: Evoke Blink       |       |       |       |     2 ||     2
  Use: Scroll            |       |       |     4 |     2 ||     6
       Potion            |       |       |       |     1 ||     1
 Stab: Sleeping          |       |     7 |       |       ||     7
       Distracted        |       |       |       |     1 ||     1
Armor: Robe              |     7 |    34 |       |       ||    41
       Leather armour    |       |       |    43 |    15 ||    58
       Acid dragon scale |       |       |       |    73 ||    73
Dodge: Dodged            |    34 |    60 |    55 |   104 ||   253
Block: Buckler           |       |    33 |    18 |    49 ||   100

Table legend: (Time is in decaauts)
 A = Elapsed time spent in this place.
 B = Non-inter-level travel time spent in this place.
 C = Inter-level travel time spent in this place.
 D = Time resting spent in this place.
 E = Time spent auto-exploring this place.
 F = Levels seen in this place.
 G = Mean time per level.
                   A        B        C        D        E       F      G
               +--------+--------+--------+--------+--------+-----+--------+
         Total |  16849 |  16344 |    505 |   7870 |   6208 |  10 | 1684.9 |
       Dungeon |  16849 |  16344 |    505 |   7870 |   6208 |  10 | 1684.9 |
               +--------+--------+--------+--------+--------+-----+--------+

Top non-repeatable levels by time:
     D:9: 2525 daAuts
     D:6: 2470 daAuts
     D:8: 2401 daAuts
     D:5: 2065 daAuts
     D:1: 1887 daAuts
     D:3: 1499 daAuts
     D:7: 1456 daAuts
     D:4: 1234 daAuts
     D:2: 1136 daAuts
    D:10: 172 daAuts
